 Dungeon Crawl Stone Soup version 0.31-a0-819-gf6de2f5ab6 (webtiles) character file.

Game seed: 10684742242205145972

18517 qw the Marksgargoyle (level 12, -8/80 HPs)
             Began as a Gargoyle Hunter on Sept 23, 2023.
             Was a Believer of Okawaru.
             Mangled by a six-headed hydra (10 damage)
             ... on level 2 of the Lair of Beasts.
             The game lasted 00:04:58 (11596 turns).

qw the Marksgargoyle (Gargoyle Hunter)             Turns: 11596, Time: 00:04:58

Health: -8/80      AC: 23    Str: 19    XL:     12   Next: 59%
Magic:  14/15      EV: 17    Int: 11    God:    Okawaru [**....]
Gold:   256        SH:  0    Dex: 17    Spells: 11/11 levels left

rFire   . . .        n - +1 hand cannon (heavy)
rCold   + . .        (no shield)
rNeg    + . .        w - +2 leather armour {rC+}
rPois   inf          u - +1 helmet
rElec   +            o - +0 cloak
rCorr   +            g - +0 pair of gloves
SInv    .            m - +0 pair of boots
Will    .....        (no amulet)
Stlth   +++          a - +6 ring of strength
HPRegen 0.33/turn    v - ring of resist corrosion
MPRegen 0.14/turn

%: no passive effects
@: about to teleport, heroic
A: sickness immunity, AC +8, negative energy resistance 1, electricity
resistance, torment resistance 1, petrification resistance, iridescent scales 1,
weak 1, subdued magic 1
a: Renounce Religion, Heroism


You were on level 2 of the Lair of Beasts.
You worshipped Okawaru.
Okawaru was pleased with you.
You visited 3 branches of the dungeon, and saw 14 of its levels.

You collected 618 gold pieces.
You spent 362 gold pieces at shops.


Innate Abilities, Weirdness & Mutations

You are immune to sickness and miasma.
Your stone body is resilient. (AC +8)
You are immune to poison.
You resist negative energy. (rN+)
You are resistant to electric shocks. (rElec)
You are resistant to unholy torment.
You are immune to petrification.
You are partially covered in iridescent scales. (AC +2)
You are weak. (Str -2)
Your spells are a little easier to cast, but a little less powerful.


   Skills:
 - Level 11.0(16.0) Fighting
 + Level 16.0(21.0) Ranged Weapons
 - Level 5.0(10.0) Armour
 - Level 5.2(10.2) Dodging
 - Level 1.1(6.1) Stealth
 - Level 4.2 Invocations


You had 11 spell levels left.
You didn't know any spells.
Your spell library was empty.

Inventory:

Hand Weapons
 n - a +1 heavy hand cannon (weapon)
Armour
 g - a +0 pair of gloves (worn)
 m - a +0 pair of boots (worn)
 o - a +0 cloak (worn)
 u - a +1 helmet (worn)
 w - a +2 leather armour of cold resistance (worn)
 x - a +0 troll leather armour
Jewellery
 a - a +6 ring of strength (left hand)
 l - a ring of positive energy
 v - a ring of resist corrosion (right hand)
Wands
 k - a wand of digging (4)
Scrolls
 d - a scroll of identify
 f - a scroll of teleportation
Potions
 b - 4 potions of curing
 c - 3 potions of mutation
 e - 2 potions of haste
 h - a potion of cancellation
 i - a potion of invisibility {unknown}
 j - 3 potions of might
 s - a potion of enlightenment

Dungeon Overview and Level Annotations

Branches:
Dungeon (10/15)            Temple (1/1) D:5            Lair (3/5) D:9
  Snake (0/4) Lair:2          Orc (0/2) D:10
  Swamp: Lair:2-3    Shoals: Lair:2-3

Altars:
Ashenzari
Cheibriados
Dithmenos
Elyvilon
Fedhas
Gozag
Hepliaklqana
Kikubaaqudgha
Makhleb
Nemelex Xobeh
Okawaru
Qazlal
Ru
Sif Muna
Trog
Uskayaw
Vehumet
Wu Jian
Xom
Yredelemnul
Zin
The Shining One

Shops:
D:5 *   D:7 [   D:9 **   D:10 [

Annotations:
D:3 3 runed translucent doors, qw's ghost, amateur GrHu
D:4 2 transporters
D:7 3 runed translucent doors, qw's ghost, novice GrHu
D:8 2 runed translucent doors


Message History

The six-headed hydra barely misses you.
The six-headed hydra closely misses you.
The six-headed hydra bites you!
The six-headed hydra closely misses you.
11592 ||| INVOKING Heroism.
You gain the combat prowess of a mighty hero.
The six-headed hydra bites you.
The six-headed hydra bites you but does no damage.
The six-headed hydra bites you. x2
The six-headed hydra bites you but does no damage.
The six-headed hydra barely misses you.
You shoot a bolt. The bolt hits the six-headed hydra!!
The six-headed hydra is moderately wounded.
The six-headed hydra closely misses you.
The six-headed hydra completely misses you.
The six-headed hydra bites you but does no damage.
The six-headed hydra bites you.
The six-headed hydra bites you but does no damage. x2
The six-headed hydra barely misses you. x2; The six-headed hydra bites you.
The six-headed hydra bites you but does no damage.
The six-headed hydra bites you. The six-headed hydra barely misses you.
You shoot a bolt. The bolt hits the six-headed hydra!!!
The six-headed hydra is severely wounded.
The six-headed hydra barely misses you. The six-headed hydra misses you.
The six-headed hydra bites you but does no damage. x2
The six-headed hydra barely misses you. The six-headed hydra bites you!
11595 ||| READING 2 scrolls of teleportation.
As you read the scroll of teleportation, it crumbles to dust.
You feel strangely unstable. The six-headed hydra bites you!
The six-headed hydra bites you but does no damage.
The six-headed hydra completely misses you. x2
The six-headed hydra bites you but does no damage.
The six-headed hydra closely misses you.
You shoot a bolt.
The bolt barely misses the six-headed hydra.
The six-headed hydra bites you.
The six-headed hydra bites you but does no damage.
The six-headed hydra bites you!
You die...

..............###### ### ##...
.............#..##P####.### #...
.....................##.#.####...
......................#....##P...
.................................
..........................#......
......#..................##......
....P###..................#......
....##.........0@................
...............D...........#.....
.......................#####P#...
..............P##.P##### ###...
#...............#### #...
##.............## ##...
#.............# #....
##...........## #....
#...........## ##### ##....


You could see a six-headed hydra.

Vanquished Creatures
  Gastronok (Lair:2)
  2 hydras (Lair:2)
  2 two-headed ogres (D:10)
  Pikel (D:4)
  5 black mambas (Lair:2)
  Joseph (D:9)
  A torpor snail (Lair:2)
  5 cane toads
  7 komodo dragons
  A troll (D:10)
  2 hornets
  5 blink frogs (Lair:1)
  2 shadows (D:9)
  2 wraiths (D:10)
  5 wyverns
  Eustachio (D:2)
  7 yaks (Lair:2)
  A steam dragon (D:9)
  11 water moccasins
  2 orc warriors
  An ice beast (D:5)
  2 sky beasts
  A black bear (D:5)
  2 ogres
  2 centaurs (D:9)
  5 wolves (Lair:1)
  3 lemures (D:4)
  A kobold brigand (D:10)
  2 scorpions
  7 bullfrogs
  A gnoll sergeant (D:9)
  12 wights
  2 hounds (D:5)
  10 orc priests
  3 jellies (D:6)
  Jessica (D:2)
  7 iguanas
  Terence (D:3)
  9 orc wizards
  Robin (D:4)
  4 gnolls (D:9)
  4 adders
  A white imp (D:8)
  An ufetubus (D:3)
  2 worms
  4 dart slugs
  45 orcs
  5 endoplasms
  4 giant cockroaches (D:2)
  16 goblins
  13 hobgoblins
  4 jackals (D:1)
  3 quokkas
  6 ball pythons
  5 bats (D:1)
  A frilled lizard (D:2)
  14 kobolds
  3 rats
272 creatures vanquished.

Vanquished Creatures (others)
  A sky beast (D:8)
1 creature vanquished.

Grand Total: 273 creatures vanquished

Notes
Turn   | Place    | Note
-------+----------+-------------------------------------------
     0 | D:1      | qw the Gargoyle Hunter began the quest for the Orb.
     0 | D:1      | Reached XP level 1. HP: 12/12 MP: 1/1
     0 | D:1      | 0 ||| qw: Version: 0.3-a-83-gcd0e7d8
     0 | D:1      | 0 ||| qw: Game counter: 1393
     0 | D:1      | 0 ||| qw: Melee chars always use a shield: true
     0 | D:1      | 0 ||| qw: God list: Okawaru
     0 | D:1      | 0 ||| qw: Allow faded altars: false
     0 | D:1      | 0 ||| qw: Do Orc after clearing Dungeon:15 true
     0 | D:1      | 0 ||| qw: Do second Lair branch before Depths: true
     0 | D:1      | 0 ||| qw: Lair rune preference: random
     0 | D:1      | 0 ||| qw: Goals: Normal
     0 | D:1      | 0 ||| PLANNING D:1-11
   121 | D:1      | Reached XP level 2. HP: 13/17 MP: 2/2
   491 | D:1      | Reached XP level 3. HP: 21/21 MP: 3/3
   548 | D:1      | Reached skill level 5 in Ranged Weapons
   638 | D:1      | Found a faded altar of an unknown god.
   683 | D:1      | 683 ||| READING scroll labelled RUSYNL KONULIV.
   684 | D:1      | 684 ||| READING scroll labelled UPSUIC FYTEAFF.
   685 | D:1      | 685 ||| DRINKING 3 brown potions.
   686 | D:1      | 686 ||| DROPPING scroll of butterflies.
   851 | D:2      | Reached skill level 3 in Fighting
  1206 | D:2      | Noticed Jessica
  1209 | D:2      | Killed Jessica
  1210 | D:2      | Reached XP level 4. HP: 28/28 MP: 4/4
  1529 | D:2      | 1529 ||| UPGRADING to +0 ring mail.
  1539 | D:2      | 1539 ||| DROPPING +0 leather armour.
  1540 | D:2      | 1540 ||| UPGRADING to +6 ring of strength.
  1541 | D:2      | 1541 ||| DROPPING ring of flight.
  1542 | D:2      | 1542 ||| READING scroll labelled QUATAU ETWAPY.
  1657 | D:3      | Found a runed translucent gate.
  1657 | D:3      | Found a runed translucent gate.
  1657 | D:3      | Found a runed translucent gate.
  1659 | D:3      | Noticed qw's ghost (amateur GrHu)
  1985 | D:3      | Reached skill level 1 in Armour
  2022 | D:3      | Noticed a kobold brigand
  2061 | D:3      | Noticed Terence
  2077 | D:3      | HP: 7/28 [Terence/+0 falchion (8)]
  2085 | D:3      | Killed Terence
  2086 | D:3      | Reached XP level 5. HP: 11/32 MP: 5/5
  2402 | D:3      | 2402 ||| UPGRADING to +0 pair of boots.
  2407 | D:3      | 2407 ||| READING scroll labelled WIBAWUI UFAMIUWUIL.
  2408 | D:3      | 2408 ||| READING scroll labelled FAWOBR VEMARCH.
  2409 | D:3      | 2409 ||| READING scroll labelled SAASOI ZUTA.
  2441 | D:3      | 2441 ||| DRINKING 2 cyan potions.
  2442 | D:3      | 2442 ||| DRINKING 2 fizzy yellow potions.
  2442 | D:3      | Gained mutation: You are frail. (-10% HP) [potion of
                  | mutation]
  2443 | D:3      | 2443 ||| DRINKING potion of mutation.
  2443 | D:3      | Lost mutation: You are frail. (-10% HP) [potion of
                  | mutation]
  2443 | D:3      | Gained mutation: Your spells are a little easier to cast,
                  | but a little less powerful. [potion of mutation]
  2443 | D:3      | Gained mutation: You are weak. (Str -2) [potion of
                  | mutation]
  2443 | D:3      | Gained mutation: You are partially covered in iridescent
                  | scales. (AC +2) [potion of mutation]
  2459 | D:3      | 2459 ||| READING 2 scrolls of identify.
  2459 | D:3      | 2459 ||| IDENTIFYING sapphire potion
  2480 | D:4      | Noticed Eustachio
  2486 | D:4      | 2486 ||| STAIRDANCE
  2486 | D:4      | Noticed an ogre
  2492 | D:3      | 2492 ||| Stepping ~*~*~tactically~*~*~ (retreating).
  2493 | D:3      | 2493 ||| Stepping ~*~*~tactically~*~*~ (retreating).
  2494 | D:3      | 2494 ||| Stepping ~*~*~tactically~*~*~ (retreating).
  2495 | D:3      | 2495 ||| Stepping ~*~*~tactically~*~*~ (retreating).
  2496 | D:3      | 2496 ||| Stepping ~*~*~tactically~*~*~ (retreating).
  2497 | D:3      | 2497 ||| Stepping ~*~*~tactically~*~*~ (retreating).
  2498 | D:3      | 2498 ||| Stepping ~*~*~tactically~*~*~ (retreating).
  2499 | D:3      | 2499 ||| RETREEAATING.
  2518 | D:3      | 2518 ||| FLEEEEING.
  2519 | D:3      | 2519 ||| FLEEEEING.
  2520 | D:3      | 2520 ||| FLEEEEING.
  2533 | D:3      | 2533 ||| FLEEEEING.
  2534 | D:3      | 2534 ||| FLEEEEING.
  2535 | D:3      | 2535 ||| FLEEEEING.
  2536 | D:3      | 2536 ||| FLEEEEING.
  2537 | D:3      | 2537 ||| FLEEEEING.
  2538 | D:3      | 2538 ||| FLEEEEING.
  2540 | D:3      | 2540 ||| FLEEEEING.
  2551 | D:3      | 2551 ||| FLEEEEING.
  2562 | D:3      | 2562 ||| FLEEEEING.
  2567 | D:3      | 2567 ||| STAIRDANCE
  2597 | D:3      | 2597 ||| STAIRDANCE
  2609 | D:2      | 2609 ||| Stepping ~*~*~tactically~*~*~ (retreating).
  2610 | D:2      | 2610 ||| Stepping ~*~*~tactically~*~*~ (retreating).
  2611 | D:2      | 2611 ||| Stepping ~*~*~tactically~*~*~ (retreating).
  2612 | D:2      | 2612 ||| Stepping ~*~*~tactically~*~*~ (retreating).
  2614 | D:2      | 2614 ||| Stepping ~*~*~tactically~*~*~ (retreating).
  2615 | D:2      | 2615 ||| Stepping ~*~*~tactically~*~*~ (retreating).
  2616 | D:2      | 2616 ||| Stepping ~*~*~tactically~*~*~ (retreating).
  2617 | D:2      | 2617 ||| Stepping ~*~*~tactically~*~*~ (retreating).
  2618 | D:2      | 2618 ||| Stepping ~*~*~tactically~*~*~ (retreating).
  2619 | D:2      | 2619 ||| Stepping ~*~*~tactically~*~*~ (retreating).
  2638 | D:2      | Killed Eustachio
  2639 | D:2      | Reached skill level 6 in Ranged Weapons
  2639 | D:2      | Reached XP level 6. HP: 14/37 MP: 6/6
  2729 | D:2      | 2729 ||| UPGRADING to +1 leather armour of willpower.
  2739 | D:2      | 2739 ||| DROPPING +0 ring mail.
  2782 | D:4      | 2782 ||| STAIRDANCE
  2887 | D:4      | 2887 ||| STAIRDANCE
  2930 | D:4      | 2930 ||| STAIRDANCE
  2984 | D:4      | Reached skill level 7 in Ranged Weapons
  3011 | D:4      | Noticed Robin
  3024 | D:4      | Killed Robin
  3025 | D:4      | Reached XP level 7. HP: 43/43 MP: 7/7
  3107 | D:4      | 3107 ||| FLEEEEING.
  3255 | D:4      | Found a transporter.
  3271 | D:4      | Found a transporter.
  3331 | D:4      | 3331 ||| RETREEAATING.
  3332 | D:4      | Noticed Pikel
  3348 | D:4      | HP: 10/43 [Pikel/+0 whip of freezing (3)]
  3349 | D:4      | 3349 ||| READING scroll of teleportation.
  3349 | D:4      | HP: 3/43 [Pikel/+0 whip of freezing (6)]
  3350 | D:4      | 3350 ||| DRINKING potion of heal wounds.
  3409 | D:4      | Found a hazy altar of Hepliaklqana.
  3458 | D:4      | 3458 ||| FLEEEEING.
  3461 | D:4      | 3461 ||| FLEEEEING.
  3495 | D:4      | 3495 ||| Stepping ~*~*~tactically~*~*~ (retreating).
  3496 | D:4      | 3496 ||| Stepping ~*~*~tactically~*~*~ (retreating).
  3497 | D:4      | 3497 ||| Stepping ~*~*~tactically~*~*~ (retreating).
  3501 | D:4      | 3501 ||| Stepping ~*~*~tactically~*~*~ (retreating).
  3502 | D:4      | 3502 ||| Stepping ~*~*~tactically~*~*~ (retreating).
  3503 | D:4      | 3503 ||| Stepping ~*~*~tactically~*~*~ (retreating).
  3505 | D:4      | 3505 ||| Stepping ~*~*~tactically~*~*~ (retreating).
  3506 | D:4      | 3506 ||| Stepping ~*~*~tactically~*~*~ (retreating).
  3507 | D:4      | 3507 ||| RETREEAATING.
  3508 | D:4      | 3508 ||| FLEEEEING.
  3511 | D:4      | 3511 ||| FLEEEEING.
  3512 | D:4      | 3512 ||| RETREEAATING.
  3513 | D:4      | 3513 ||| STAIRDANCE
  3586 | D:3      | 3586 ||| UPGRADING to +0 helmet.
  3591 | D:3      | 3591 ||| READING scroll labelled TASCHO WEMEILIL.
  3592 | D:3      | 3592 ||| DRINKING 2 smoky orange potions.
  3593 | D:3      | 3593 ||| DROPPING potion of attraction.
  3779 | D:4      | 3779 ||| READING scroll labelled HAIKURR MIAMA.
  3800 | D:4      | 3800 ||| Stepping ~*~*~tactically~*~*~ (retreating).
  3807 | D:4      | 3807 ||| Stepping ~*~*~tactically~*~*~ (retreating).
  3808 | D:4      | 3808 ||| Stepping ~*~*~tactically~*~*~ (retreating).
  3809 | D:4      | 3809 ||| Stepping ~*~*~tactically~*~*~ (retreating).
  3820 | D:4      | Killed Pikel
  3821 | D:4      | Reached skill level 9 in Ranged Weapons
  3821 | D:4      | Reached XP level 8. HP: 20/48 MP: 8/8
  3929 | D:5      | Entered Level 5 of the Dungeon
  4008 | D:5      | Found a staircase to the Ecumenical Temple.
  4009 | D:5      | 4009 ||| PLANNING TEMPLE
  4015 | D:5      | 4015 ||| FLEEEEING.
  4016 | D:5      | 4016 ||| FLEEEEING.
  4017 | D:5      | 4017 ||| FLEEEEING.
  4018 | D:5      | 4018 ||| FLEEEEING.
  4019 | D:5      | 4019 ||| FLEEEEING.
  4020 | D:5      | 4020 ||| FLEEEEING.
  4021 | D:5      | 4021 ||| FLEEEEING.
  4022 | D:5      | 4022 ||| FLEEEEING.
  4023 | D:5      | 4023 ||| STAIRDANCE
  4110 | D:5      | 4110 ||| STAIRDANCE
  4142 | Temple   | Entered the Ecumenical Temple
  4143 | Temple   | 4143 ||| PLANNING D:1-11
  4180 | D:5      | Reached skill level 6 in Fighting
  4250 | D:5      | Identified the +6 short sword of Discord {pain, Will+}
  4455 | D:5      | Reached skill level 10 in Ranged Weapons
  4767 | D:5      | Found Foixoagh's Serpentskin Sales.
  4831 | D:5      | 4831 ||| UPGRADING to amulet of guardian spirit.
  4836 | D:5      | 4836 ||| READING scroll labelled TORGHO ZEUMMEJUFA.
  4837 | D:5      | 4837 ||| READING scroll labelled YSYANA HILYOXT.
  4837 | D:5      | Identified a scroll of acquirement
  4837 | D:5      | 4837 ||| ACQUIRING +1 hand cannon of freezing
  4837 | D:5      | Acquired a +1 hand cannon of freezing
  4839 | D:5      | 4839 ||| SWAPPING to +1 hand cannon of freezing.
  4840 | D:5      | 4840 ||| DROPPING +0 heavy shortbow.
  4841 | D:5      | 4841 ||| DRINKING 3 smoky red potions.
  4910 | D:6      | Reached skill level 3 in Armour
  4970 | D:6      | Reached XP level 9. HP: 55/55 MP: 9/9
  5010 | D:6      | Identified the +10 plate armour of Jashry {rN++ Str+3}
  5153 | D:6      | 5153 ||| UPGRADING to +0 cloak.
  5158 | D:6      | 5158 ||| DROPPING ring of wizardry.
  5159 | D:6      | 5159 ||| READING scroll labelled UTUYBAUDWE.
  5160 | D:6      | 5160 ||| READING 2 scrolls of identify.
  5160 | D:6      | 5160 ||| IDENTIFYING emerald potion
  5161 | D:6      | 5161 ||| DROPPING potion of degeneration.
  5182 | D:7      | 5182 ||| STAIRDANCE
  5210 | D:7      | Reached skill level 3 in Dodging
  5229 | D:7      | Found a runed translucent gate.
  5229 | D:7      | Found a runed translucent gate.
  5229 | D:7      | Found a runed translucent gate.
  5246 | D:7      | 5246 ||| RETREEAATING.
  5248 | D:7      | 5248 ||| Stepping ~*~*~tactically~*~*~ (retreating).
  5249 | D:7      | 5249 ||| Stepping ~*~*~tactically~*~*~ (retreating).
  5545 | D:7      | Noticed qw's ghost (novice GrHu)
  5750 | D:7      | Reached skill level 11 in Ranged Weapons
  5927 | D:7      | Found Anale's Armour Emporium.
  5995 | D:7      | Found a radiant altar of Vehumet.
  6004 | D:7      | Found a stormy altar of Qazlal.
  6068 | D:7      | 6068 ||| DROPPING ring of magical power.
  6069 | D:7      | 6069 ||| UPGRADING to ring of positive energy.
  6070 | D:7      | 6070 ||| READING 2 scrolls labelled USEUZE UQUGA.
  6071 | D:7      | 6071 ||| DROPPING scroll of amnesia.
  6170 | D:8      | Noticed a hornet
  6175 | D:8      | Killed a hornet
  6180 | D:8      | Found a runed translucent door.
  6180 | D:8      | Identified the +5 quarterstaff of Wrongful Imprisonment
                  | {speed, Int+5}
  6248 | D:8      | 6248 ||| RETREEAATING.
  6249 | D:8      | 6249 ||| STILL RETREEAATING.
  6250 | D:8      | 6250 ||| STILL RETREEAATING.
  6251 | D:8      | 6251 ||| STILL RETREEAATING.
  6252 | D:8      | 6252 ||| STILL RETREEAATING.
  6253 | D:8      | 6253 ||| STILL RETREEAATING.
  6254 | D:8      | 6254 ||| STILL RETREEAATING.
  6255 | D:8      | 6255 ||| STILL RETREEAATING.
  6256 | D:8      | 6256 ||| STILL RETREEAATING.
  6257 | D:8      | 6257 ||| STILL RETREEAATING.
  6288 | D:8      | Reached XP level 10. HP: 61/64 MP: 10/10
  6299 | D:8      | Identified the +4 mace "Suiwn" {vamp, Fly rC- Str+4}
  6459 | D:8      | Found a runed translucent door.
  6783 | D:8      | Reached skill level 12 in Ranged Weapons
  6867 | D:8      | 6867 ||| READING 2 scrolls labelled YNAENN INOCEC.
  6868 | D:8      | 6868 ||| READING 2 scrolls of identify.
  6868 | D:8      | 6868 ||| IDENTIFYING clear potion
  6869 | D:8      | 6869 ||| DROPPING potion of lignification.
  6870 | D:8      | 6870 ||| DROPPING scroll of revelation.
  6878 | D:9      | 6878 ||| RETREEAATING.
  6879 | D:9      | 6879 ||| STILL RETREEAATING.
  6880 | D:9      | 6880 ||| STILL RETREEAATING.
  6996 | D:9      | Noticed Joseph
  6998 | D:9      | 6998 ||| Stepping ~*~*~tactically~*~*~ (retreating).
  6999 | D:9      | 6999 ||| FLEEEEING.
  7000 | D:9      | 7000 ||| FLEEEEING.
  7001 | D:9      | 7001 ||| FLEEEEING.
  7009 | D:9      | 7009 ||| FLEEEEING.
  7010 | D:9      | 7010 ||| FLEEEEING.
  7011 | D:9      | 7011 ||| FLEEEEING.
  7015 | D:9      | 7015 ||| FLEEEEING.
  7016 | D:9      | 7016 ||| FLEEEEING.
  7017 | D:9      | 7017 ||| STAIRDANCE
  7132 | D:8      | 7132 ||| READING 2 scrolls of identify.
  7132 | D:8      | 7132 ||| IDENTIFYING grey potion
  7153 | D:9      | Found a staircase to the Lair.
  7283 | D:9      | 7283 ||| FLEEEEING.
  7284 | D:9      | 7284 ||| FLEEEEING.
  7285 | D:9      | 7285 ||| FLEEEEING.
  7286 | D:9      | 7286 ||| FLEEEEING.
  7287 | D:9      | 7287 ||| FLEEEEING.
  7288 | D:9      | 7288 ||| STAIRDANCE
  7365 | D:9      | Killed Joseph
  7662 | D:9      | Found Edutiggu's CLEARANCE SALE!.
  7758 | D:9      | 7758 ||| FLEEEEING.
  7759 | D:9      | 7759 ||| FLEEEEING.
  7760 | D:9      | 7760 ||| FLEEEEING.
  7761 | D:9      | 7761 ||| FLEEEEING.
  7762 | D:9      | 7762 ||| FLEEEEING.
  7763 | D:9      | 7763 ||| FLEEEEING.
  7764 | D:9      | 7764 ||| FLEEEEING.
  7765 | D:9      | 7765 ||| FLEEEEING.
  7766 | D:9      | 7766 ||| FLEEEEING.
  7767 | D:9      | 7767 ||| FLEEEEING.
  7803 | D:9      | Found Goeh's Assorted Antiques.
  7813 | D:9      | 7813 ||| BUYING fizzy orange potion (27 gold).
  7813 | D:9      | Bought a fizzy orange potion for 27 gold pieces
  7813 | D:9      | 7813 ||| BUYING scroll labelled KORAHU ULOZO (31 gold).
  7813 | D:9      | Bought a scroll labelled KORAHU ULOZO for 31 gold pieces
  7840 | D:9      | Reached skill level 13 in Ranged Weapons
  7998 | D:9      | 7998 ||| UPGRADING to +0 pair of gloves.
  8003 | D:9      | 8003 ||| UPGRADING to +1 helmet.
  8013 | D:9      | 8013 ||| DROPPING +0 helmet.
  8014 | D:9      | 8014 ||| READING scroll labelled KORAHU ULOZO.
  8060 | D:10     | Entered Level 10 of the Dungeon
  8198 | D:10     | Found a staircase to the Orcish Mines.
  8239 | D:10     | Noticed a two-headed ogre
  8244 | D:10     | Killed a two-headed ogre
  8245 | D:10     | Reached skill level 9 in Fighting
  8331 | D:10     | Noticed a two-headed ogre
  8338 | D:10     | Killed a two-headed ogre
  8339 | D:10     | Reached XP level 11. HP: 35/71 MP: 6/11
  8496 | D:10     | Found Xaahid's Armour Boutique.
  8504 | D:10     | 8504 ||| BUYING +2 leather armour of cold resistance (304
                  | gold).
  8504 | D:10     | Bought a +2 leather armour of cold resistance for 304 gold
                  | pieces
  8701 | D:10     | Found a bloodstained altar of Trog.
  8702 | D:10     | Found an iron altar of Okawaru.
  8702 | D:10     | Found a shimmering altar of Xom.
  8703 | D:10     | 8703 ||| PLANNING OKAWARU WORSHIP
  8703 | D:10     | 8703 ||| DROPPING +1 robe of cold resistance.
  8704 | D:10     | 8704 ||| UPGRADING to +2 leather armour of cold resistance.
  8714 | D:10     | 8714 ||| DROPPING +1 leather armour of willpower.
  8715 | D:10     | 8715 ||| DROPPING +6 ring of intelligence.
  8716 | D:10     | 8716 ||| UPGRADING to ring of resist corrosion.
  8718 | D:10     | 8718 ||| DRINKING 2 lumpy green potions.
  8719 | D:10     | 8719 ||| DRINKING 3 potions of curing.
  8719 | D:10     | 8719 ||| (to cure confusion)
  8720 | D:10     | 8720 ||| READING 3 scrolls of identify.
  8720 | D:10     | 8720 ||| IDENTIFYING smoky inky potion
  8721 | D:10     | 8721 ||| READING 2 scrolls of identify.
  8721 | D:10     | 8721 ||| IDENTIFYING fizzy orange potion
  8722 | D:10     | 8722 ||| DROPPING potion of ambrosia.
  8723 | D:10     | 8723 ||| DROPPING potion of berserk rage.
  8724 | D:10     | 8724 ||| DROPPING potion of magic.
  8725 | D:10     | Found a white marble altar of Elyvilon.
  8732 | D:10     | Became a worshipper of Warmaster Okawaru
  8733 | D:10     | 8733 ||| PLANNING D:1-11
  8733 | D:10     | 8733 ||| REMOVING amulet of guardian spirit.
  9128 | D:10     | 9128 ||| PLANNING LAIR
  9128 | D:10     | 9128 ||| DROPPING amulet of guardian spirit.
  9166 | Lair:1   | Entered Level 1 of the Lair of Beasts
  9183 | Lair:1   | 9183 ||| READING scroll of brand weapon.
  9183 | Lair:1   | 9183 ||| BRANDING +1 hand cannon of freezing.
  9213 | Lair:1   | Reached skill level 14 in Ranged Weapons
  9245 | Lair:1   | 9245 ||| RETREEAATING.
  9247 | Lair:1   | 9247 ||| STILL RETREEAATING.
  9248 | Lair:1   | 9248 ||| Stepping ~*~*~tactically~*~*~ (retreating).
  9422 | Lair:1   | Reached * piety under Okawaru
  9487 | Lair:1   | 9487 ||| INVOKING Heroism.
  9498 | Lair:1   | 9498 ||| INVOKING Heroism.
  9504 | Lair:1   | 9504 ||| Stepping ~*~*~tactically~*~*~ (retreating).
  9505 | Lair:1   | 9505 ||| RETREEAATING.
  9506 | Lair:1   | 9506 ||| STILL RETREEAATING.
  9507 | Lair:1   | 9507 ||| Stepping ~*~*~tactically~*~*~ (retreating).
  9508 | Lair:1   | 9508 ||| INVOKING Heroism.
  9511 | Lair:1   | 9511 ||| Stepping ~*~*~tactically~*~*~ (retreating).
  9516 | Lair:1   | 9516 ||| INVOKING Heroism.
  9516 | Lair:1   | HP: 12/72 [cane toad (7)]
  9517 | Lair:1   | 9517 ||| READING 3 scrolls of teleportation.
  9518 | Lair:1   | 9518 ||| DRINKING potion of heal wounds.
  9521 | Lair:1   | Reached skill level 1 in Invocations
  9521 | Lair:1   | HP: 18/72 [water moccasin (5)]
  9522 | Lair:1   | 9522 ||| READING 2 scrolls of teleportation.
  9730 | Lair:1   | 9730 ||| INVOKING Heroism.
  9758 | Lair:1   | 9758 ||| INVOKING Heroism.
 10013 | Lair:1   | 10013 ||| INVOKING Heroism.
 10018 | Lair:1   | Reached skill level 3 in Invocations
 10237 | Lair:1   | 10237 ||| DRINKING 2 green potions.
 10238 | Lair:1   | 10238 ||| READING 2 scrolls of identify.
 10238 | Lair:1   | 10238 ||| IDENTIFYING yellow potion
 10239 | Lair:1   | 10239 ||| DROPPING potion of brilliance.
 10264 | Lair:2   | 10264 ||| INVOKING Heroism.
 10271 | Lair:2   | Reached ** piety under Okawaru
 10271 | Lair:2   | Noticed a four-headed hydra
 10275 | Lair:2   | Killed a four-headed hydra
 10276 | Lair:2   | Reached skill level 15 in Ranged Weapons
 10276 | Lair:2   | Reached XP level 12. HP: 70/77 MP: 13/15
 10282 | Lair:2   | 10282 ||| INVOKING Heroism.
 10393 | Lair:2   | Found a staircase to the Snake Pit.
 10464 | Lair:2   | Noticed an eight-headed hydra
 10465 | Lair:2   | 10465 ||| INVOKING Heroism.
 10468 | Lair:2   | 10468 ||| RETREEAATING.
 10469 | Lair:2   | 10469 ||| STILL RETREEAATING.
 10470 | Lair:2   | 10470 ||| STILL RETREEAATING.
 10471 | Lair:2   | 10471 ||| STILL RETREEAATING.
 10472 | Lair:2   | 10472 ||| STILL RETREEAATING.
 10473 | Lair:2   | 10473 ||| STILL RETREEAATING.
 10474 | Lair:2   | 10474 ||| STILL RETREEAATING.
 10475 | Lair:2   | 10475 ||| STILL RETREEAATING.
 10476 | Lair:2   | 10476 ||| STILL RETREEAATING.
 10477 | Lair:2   | Killed an eight-headed hydra
 10505 | Lair:2   | 10505 ||| INVOKING Heroism.
 10539 | Lair:2   | 10539 ||| INVOKING Heroism.
 10572 | Lair:2   | 10572 ||| INVOKING Heroism.
 10580 | Lair:2   | Noticed Gastronok
 10583 | Lair:2   | 10583 ||| FLEEEEING.
 10584 | Lair:2   | 10584 ||| INVOKING Heroism.
 10587 | Lair:2   | Killed Gastronok
 10636 | Lair:2   | 10636 ||| RETREEAATING.
 10637 | Lair:2   | 10637 ||| STILL RETREEAATING.
 10638 | Lair:2   | 10638 ||| STILL RETREEAATING.
 10639 | Lair:2   | 10639 ||| Stepping ~*~*~tactically~*~*~ (retreating).
 10649 | Lair:2   | 10649 ||| INVOKING Heroism.
 10653 | Lair:2   | Reached skill level 16 in Ranged Weapons
 10813 | Lair:2   | 10813 ||| INVOKING Heroism.
 11216 | Lair:2   | Reached *** piety under Okawaru
 11541 | Lair:2   | 11541 ||| READING scroll labelled ITAIPE PEMON.
 11571 | Lair:3   | Noticed a six-headed hydra
 11572 | Lair:3   | 11572 ||| INVOKING Heroism.
 11573 | Lair:3   | 11573 ||| STAIRDANCE
 11588 | Lair:3   | 11588 ||| STAIRDANCE
 11592 | Lair:2   | 11592 ||| INVOKING Heroism.
 11594 | Lair:2   | HP: 17/80 [six-headed hydra (11)]
 11595 | Lair:2   | 11595 ||| READING 2 scrolls of teleportation.
 11595 | Lair:2   | HP: 7/80 [six-headed hydra (10)]
 11596 | Lair:2   | HP: 2/80 [six-headed hydra (6)]
 11596 | Lair:2   | Mangled by a six-headed hydra

Levels and vault maps discovered:
D:1:      eino_arrival_cavern_d, layout_basic, ebering_ecumenical_altar_hall
D:2:      layout_basic, uniq_jessica
D:3:      layout_loops_ring, gammafunk_ghost_nasty_kobolds, uniq_terence
D:4:      layout_rooms, gammafunk_temple_overflow_arena, uniq_pikel, uniq_robin,
          uniq_eustachio
D:5:      layout_cave_pods, minmay_temple_entry_sparse_star, guppyfry_shop_venom
D:6:      layout_gridville
D:7:      layout_loops_ring, mainiacjoe_overflow_swirl, serial_shops,
          kennysheep_little_box, gammafunk_ghost_icy
D:8:      cheibrodos_histonic, layout_basic, kennysheep_path_1,
          minmay_misc_feat_roman
D:9:      layout_rooms, david_lair_shrubbed, serial_shops,
          nicolae_lakefront_shop, nicolae_shop_clearance, uniq_joseph
D:10:     layout_roguey, chequers_temple_overflow_statue_of_worship,
          minmay_orc_entry_temple_small, serial_shops, shop
Temple:   bh_familiar_temple
Lair:1:   layout_long_grid, minmay_stone_trees_small, grunt_megastairs_4
Lair:2:   layout_hall_layers, minmay_snake_entry_six_corridors, uniq_gastronok
Lair:3:   layout_cave_pods, shoals_dummy_entry

Skill      XL: |  1  2  3  4  5  6  7  8  9 10 11 12 |
---------------+-------------------------------------+-----
Ranged Weapons | 5 6 7 9 10 11 13 15 16 | 16.0
Fighting       | 3 4 6 8 9 10 11 | 11.0
Armour         | 1 3 5 |  5.0
Dodging        | 2 3 4 5 |  5.2
Invocations    | 4 |  4.2
Stealth        | |  1.1

Action                     |  1- 3 |  4- 6 |  7- 9 | 10-12 || total
---------------------------+-------+-------+-------+-------++-------
   Fire: Shortbow          |   106 |   204 |   223 |       ||   533
         Hand cannon       |       |       |   109 |   311 ||   420
 Invoke: Heroism           |       |       |       |    18 ||    18
    Use: Scroll            |     2 |     5 |     8 |    12 ||    27
         Potion            |     1 |     3 |     3 |     4 ||    11
 Armour: Leather armour    |    19 |    33 |   159 |   227 ||   438
         Ring mail         |       |    98 |       |       ||    98
  Dodge: Dodged            |    26 |   125 |   122 |   224 ||   497

Table legend:
 A = Non-vault XP
 B = Vault XP
 C = Vault XP percentage of total XP
 D = Non-vault monster count
 E = Vault monster count
 F = Vault count percentage of total count
                 A         B        C        D         E       F
            +---------+---------+-------+---------+---------+-------
      Total |   18907 |    7547 |  28.5 |     229 |      41 |  15.2
            +---------+---------+-------+---------+---------+-------
        D:1 |      50 |       0 |   0.0 |      28 |       0 |   0.0
        D:2 |      40 |     240 |  85.7 |      15 |       2 |  11.8
        D:3 |     162 |      36 |  18.2 |      15 |       1 |   6.2
        D:4 |     195 |     721 |  78.7 |      23 |      12 |  34.3
        D:5 |     728 |       2 |   0.3 |      19 |       1 |   5.0
        D:6 |     296 |       0 |   0.0 |       6 |       0 |   0.0
        D:7 |    1486 |       0 |   0.0 |      29 |       0 |   0.0
        D:8 |    1152 |       0 |   0.0 |      19 |       0 |   0.0
        D:9 |    1537 |     800 |  34.2 |      19 |       2 |   9.5
       D:10 |    3291 |     132 |   3.9 |      19 |       8 |  29.6
     Lair:1 |    3455 |    2232 |  39.2 |      17 |       8 |  32.0
     Lair:2 |    6126 |    3384 |  35.6 |      19 |       7 |  26.9
     Lair:3 |     389 |       0 |   0.0 |       1 |       0 |   0.0
            +---------+---------+-------+---------+---------+-------
